 Dungeon Crawl Stone Soup version 0.19-a0-611-gb5a7e8d (webtiles) character file.

3981 shmeve the Fighter (level 10, -3/91 HPs)
             Began as a Minotaur Fighter on June 13, 2016.
             Was an Initiate of Trog.
             Killed from afar by an electric eel (5 damage)
             ... with a bolt of electricity
             ... on level 8 of the Dungeon.
             The game lasted 00:16:03 (7249 turns).

shmeve the Fighter (Minotaur Fighter)               Turns: 7249, Time: 00:16:04

Health: -3/91      AC: 13    Str: 25    XL:     10   Next: 2%
Magic:  9/9        EV:  7    Int:  5    God:    Trog [......]
Gold:   394        SH: 19    Dex: 11    Spells: 0 memorised, 9 levels left

rFire  . . .     SeeInvis .     a - +0 war axe
rCold  . . .     Gourm    .     F - +0 chain mail
rNeg   . . .     Faith    .     K - +2 large shield "Budinera" {rPois Str+2}
rPois  +         Spirit   .     w - +2 hat
rElec  .         Dismiss  .     C - +0 cloak
rCorr  .         Reflect  .     (no gloves)
SustAt .         Harm     .     (no boots)
MR     .....                    (no amulet)
Stlth  ..........               (no ring)
                                (no ring)

@: not resistant to hostile enchantments, extremely unstealthy
A: retaliatory headbutt, horns 2
a: Burn Spellbooks, Renounce Religion


You were on level 8 of the Dungeon.
You worshipped Trog.
Trog was noncommittal.
You were not hungry.

You visited 2 branches of the dungeon, and saw 9 of its levels.

You collected 394 gold pieces.

Inventory:

Hand Weapons
 a - a +0 war axe (weapon)
 g - a +0 hunting sling
Missiles
 m - 67 sling bullets
Armour
 w - a +2 hat (worn)
 C - a +0 cloak (worn)
 F - a +0 chain mail (worn)
 K - the +2 large shield "Budinera" (worn) {rPois Str+2}
   (You found it on level 7 of the Dungeon)

   It affects your strength (+2).
   It protects you from poison.
Wands
 c - a wand of flame (13/48)
 u - a wand of iceblast (7/15)
 y - a wand of digging (6/24)
Scrolls
 b - 2 scrolls of recharging {unknown}
 e - 2 scrolls of enchant weapon {unknown}
 h - 3 scrolls of remove curse {unknown}
 i - a scroll of fog {unknown}
 n - 2 scrolls of enchant armour {unknown}
 r - 7 scrolls of identify {unknown}
 A - 2 scrolls of random uselessness {unknown}
 D - a scroll of immolation {unknown}
 G - 4 scrolls of teleportation {unknown}
Potions
 d - 2 potions of might
 j - 7 potions of curing {unknown}
 l - 2 potions of heal wounds {unknown}
 o - a potion of agility {unknown}
 q - a potion of haste {unknown}
 t - 3 potions of lignification {unknown}
 v - a potion of degeneration {unknown}
 z - a potion of brilliance {unknown}
 B - a potion of beneficial mutation {unknown}
Books
 x - a book of Summonings

   Spells                             Type                      Level
   a - Recall                         Summoning/Translocation      3
   b - Aura of Abjuration             Summoning                    5
   c - Summon Demon                   Summoning                    5
   d - Summon Forest                  Summoning/Translocation      5
   e - Summon Mana Viper              Hexes/Summoning              5
   f - Shadow Creatures               Summoning                    6
   Trog disapproves of the use of such an item.
 J - a book of Changes

   Spells                             Type                      Level
   a - Beastly Appendage              Transmutation                1
   b - Sticks to Snakes               Transmutation                2
   c - Spider Form                    Transmutation/Poison         3
   d - Ice Form                       Ice/Transmutation            4
   e - Blade Hands                    Transmutation                5
   Trog disapproves of the use of such an item.
Comestibles
 f - 5 bread rations
 k - 2 beef jerkies
 p - a slice of pizza
 s - 2 royal jellies
 E - 2 meat rations
 H - 6 chunks of flesh


   Skills:
 * Level 9.3 Fighting
 * Level 8.3 Axes
 + Level 5.5 Slings
 + Level 6.6 Armour
 + Level 4.9 Dodging
 * Level 8.8 Shields


You had 9 spell levels left.
You didn't know any spells.

Dungeon Overview and Level Annotations

Branches:
Dungeon (8/15)             Temple (1/1) D:6            Lair (0/6) D:8

Altars:
Ashenzari
Cheibriados
Dithmenos
Elyvilon
Fedhas
Gozag
Hepliaklqana
Kikubaaqudgha
Makhleb
Nemelex Xobeh
Okawaru
Pakellas
Qazlal
Ru
Sif Muna
Trog
Uskayaw
Vehumet
Xom
Yredelemnul
Zin
The Shining One


Innate Abilities, Weirdness & Mutations

You reflexively headbutt those who attack you in melee.
You have a pair of horns on your head.


Message History

a - a +0 war axe (weapon)
The electric eel shoots out a bolt of lightning at you!
The bolt of electricity hits you!
* * * LOW HITPOINT WARNING * * *
The bolt of electricity hits you!
* * * LOW HITPOINT WARNING * * *
You block the jackal's attack. x2; The wyvern bites you!
* * * LOW HITPOINT WARNING * * *
You closely miss the electric eel. You headbutt the electric eel!
The electric eel is heavily wounded.
You hit the wyvern.
The wyvern is lightly wounded.
You hit the jackal.
You kill the jackal!
Trog accepts your kill. The wyvern bites you.
* * * LOW HITPOINT WARNING * * *
The electric eel shoots out a bolt of lightning at you!
The bolt of electricity hits you!
You die...

...........# .......
..#.......#### ##.......
..)..........#####........
..#......>................
.<#.####........##........
....#≈P.P####.#.##........
...##≈≈PP≈........hhh.....
.....P≈PPPP≈P....†........
..#..≈.≈≈♣≈PPP..@l#.......
..###...P≈≈≈♣PP.;.##......
....[..PPP≈≈≈♣≈≈P≈P≈......
..........PPPP♣(≈≈PP...#..
..###.......≈P♣≈(≈≈P≈#####
..###........PP♣♣≈≈≈P..
....#..###.≈PP♣ ≈≈PP.##
..........≈≈P≈≈ ≈PPP##
......P.P.≈≈♣≈≈


You could see a wyvern, an electric eel and 3 jackals.

Vanquished Creatures
  The ghost of Spurious the Cleaver, a novice MiBe of Trog (D:8)
  Sigmund (D:5)
  A steam dragon (D:8)
  A hippogriff (D:7)
  Edmund (D:5)
  Menkaure (D:5)
  The ghost of dickylongcocking the Caller, an amateur TeSu (D:4)
  2 phantoms
  A sky beast (D:6)
  2 ogres
  2 centaurs (D:8)
  A big kobold (D:7)
  2 giant frogs (D:6)
  2 scorpions
  8 wights
  6 killer bees (D:7)
  3 howler monkeys
  4 crimson imps
  A giant frog zombie (D:7)
  3 orc priests
  A gnoll shaman (D:4)
  A jelly (D:5)
  2 giant frog skeletons
  2 hounds
  7 orc wizards
  A centaur skeleton (D:6)
  An iguana (D:5)
  4 worker ants
  8 gnolls
  11 adders
  A shadow imp (D:6)
  2 oozes (D:4)
  An adder skeleton (D:6)
  A worm (D:3)
  5 giant geckos
  37 orcs
  9 bats
  4 giant cockroaches
  5 goblins
  7 hobgoblins
  7 jackals
  2 quokkas
  5 giant newts
  A jackal skeleton (D:5)
  A jackal zombie (D:6)
  6 kobolds
  A quokka skeleton (D:4)
  5 rats
182 creatures vanquished.

Vanquished Creatures (others)
  A bush (D:4)
  3 plants
4 creatures vanquished.

Grand Total: 186 creatures vanquished

Notes
Turn   | Place    | Note
--------------------------------------------------------------
     0 | D:1      | shmeve the Minotaur Fighter began the quest for the Orb.
     0 | D:1      | Reached XP level 1. HP: 19/19 MP: 0/0
   476 | D:1      | Reached XP level 2. HP: 27/27 MP: 1/1
   628 | D:2      | Reached skill level 4 in Fighting
   702 | D:2      | Reached skill level 1 in Slings
   702 | D:2      | Reached XP level 3. HP: 20/33 MP: 2/2
  1765 | D:3      | Reached XP level 4. HP: 40/40 MP: 3/3
  2068 | D:4      | Noticed an ogre
  2077 | D:4      | Killed an ogre
  2077 | D:4      | Reached skill level 1 in Dodging
  2077 | D:4      | Reached XP level 5. HP: 14/47 MP: 4/4
  2406 | D:4      | Noticed dickylongcocking's ghost (amateur TeSu)
  2413 | D:4      | Killed dickylongcocking's ghost
  2413 | D:4      | Reached skill level 5 in Fighting
  2413 | D:4      | Reached skill level 5 in Shields
  2413 | D:4      | Reached XP level 6. HP: 56/56 MP: 5/5
  3026 | D:4      | Reached XP level 7. HP: 56/62 MP: 6/6
  3403 | D:5      | Entered Level 5 of the Dungeon
  3598 | D:5      | Noticed Edmund
  3618 | D:5      | Killed Edmund
  3618 | D:5      | Reached skill level 6 in Fighting
  3618 | D:5      | Reached skill level 5 in Axes
  3930 | D:5      | Reached XP level 8. HP: 35/71 MP: 7/7
  3938 | D:5      | HP: 3/71 [wight/spear of freezing (3)]
  3938 | D:5      | HP: 1/71 [wight/spear of freezing (1)]
  4313 | D:5      | Noticed Sigmund
  4325 | D:5      | Killed Sigmund
  4325 | D:5      | Reached skill level 7 in Fighting
  4325 | D:5      | Reached skill level 5 in Armour
  4499 | D:5      | Noticed Menkaure
  4503 | D:5      | Killed Menkaure
  5060 | D:6      | Found a staircase to the Ecumenical Temple.
  5066 | Temple   | Entered the Ecumenical Temple
  5492 | D:6      | Found a glowing golden altar of the Shining One.
  5581 | D:6      | Reached XP level 9. HP: 59/81 MP: 8/8
  5904 | D:6      | Reached skill level 8 in Fighting
  5995 | D:7      | Got a heavily runed large shield
  6006 | D:7      | Identified the +2 large shield "Budinera" {rPois Str+2} (You found it on level 7 of the Dungeon)
  6643 | D:7      | Found a bloodstained altar of Trog.
  6804 | D:7      | Became a worshipper of Trog the Wrathful
  6816 | D:8      | Found a staircase to the Lair.
  6821 | D:8      | Reached skill level 5 in Slings
  6925 | D:8      | Noticed Spurious's ghost (novice MiBe)
  6950 | D:8      | Killed Spurious's ghost
  6950 | D:8      | Reached skill level 9 in Fighting
  7093 | D:8      | Reached XP level 10. HP: 69/91 MP: 9/9
  7248 | D:8      | HP: 3/91 [wyvern (10)]
  7249 | D:8      | Killed from afar by an electric eel

Vault maps used:
D:1:      minmay_arrival_jagged, hex_tiny
D:2:      first_bread
D:4:      serial_forest, infiniplex_forest_clump_diagonal,
          infiniplex_forest_straight_5, infiniplex_forest_straight_3,
          infiniplex_forest_lined_room_3, infiniplex_forest_straight_3,
          infiniplex_forest_clump_long, hex_large
D:5:      uniq_sigmund, uniq_edmund, uniq_menkaure
D:6:      kennysheep_mini, minmay_temple_entry_hall
D:7:      nicolae_overflow_hidden_temple
D:8:      lair_0_dummy, hangedman_tree_tricks, serial_bayou_lagoon_a
Temple:   dpeg_circular_temple_20

Skill      XL: |  1  2  3  4  5  6  7  8  9 |
---------------+----------------------------+-----
Fighting       | 4 5 6 7 9 |  9.3
Shields        | 4 5 6 7 8 |  8.8
Slings         | 1 2 3 4 5 |  5.5
Axes           | 3 4 5 6 8 |  8.3
Dodging        | 1 2 3 4 |  4.9
Armour         | 4 5 6 |  6.6

Action                   |  1- 3 |  4- 6 |  7- 9 | 10-12 || total
-------------------------+-------+-------+-------+-------++-------
Melee: War axe           |    95 |    89 |   354 |     2 ||   540
       Headbutt          |    10 |    12 |    74 |     1 ||    97
 Fire: Hunting sling     |       |       |    52 |     8 ||    60
Evoke: Wand              |       |       |     1 |       ||     1
  Use: Potion            |       |     1 |       |       ||     1
  Eat: Chunk             |     3 |     4 |     9 |     1 ||    17
       Fruit             |       |       |     5 |       ||     5
Armor: Scale mail        |    60 |    48 |    31 |       ||   139
       Chain mail        |       |       |   131 |       ||   131
Dodge: Dodged            |    37 |    36 |   105 |       ||   178
Block: Shield            |    62 |    63 |   129 |       ||   254
       Large shield      |       |       |   176 |     4 ||   180
